 Dungeon Crawl Stone Soup version 0.31-a0-152-g6aa68a64a1 (webtiles) character file.

Game seed: 14796778433356114765

100 qw the Shooter (level 4, -2/38 HPs)
             Began as a Minotaur Hunter on June 9, 2023.
             Slain by a gnoll
             ... wielding a +0 club
              (8 damage)
             ... on level 3 of the Dungeon.
             The game lasted 00:00:40 (1923 turns).

qw the Shooter (Minotaur Hunter)                    Turns: 1923, Time: 00:00:40

Health: -2/38      AC:  5    Str: 16    XL:     4   Next: 47%
Magic:  3/3        EV: 11    Int:  6    God:
Gold:   128        SH:  0    Dex: 15    Spells: 3/3 levels left

rFire   . . .        Y - +0 shortbow
rCold   . . .        (shield currently unavailable)
rNeg    . . .        e - +0 ring mail
rPois   .            (helmet restricted)
rElec   .            (no cloak)
rCorr   .            (no gloves)
SInv    .            (no boots)
Will    .....        (no amulet)
Stlth   +            (no ring)
HPRegen 0.26/turn    (no ring)
MPRegen 0.08/turn

%: no passive effects
@: no status effects
A: horns 2, retaliatory headbutt
a: no special abilities


You were on level 3 of the Dungeon.
You visited 1 branch of the dungeon, and saw 3 of its levels.

You collected 128 gold pieces.


Innate Abilities, Weirdness & Mutations

You have a pair of horns on your head.
You reflexively headbutt those who attack you in melee.


   Skills:
 + Level 3.5 Fighting
 - Level 6.0 Ranged Weapons
 - Level 1.0 Armour
 - Level 2.1 Dodging
 - Level 0.7 Stealth


You had 3 spell levels left.
You didn't know any spells.
Your spell library was empty.

Inventory:

Hand Weapons
 Y - a +0 shortbow (weapon)
Armour
 e - a +0 ring mail (worn)
Jewellery
 g - a ring of fire
Scrolls
 b - a scroll of amnesia {unknown}
 d - a scroll of magic mapping {unknown}
 f - 5 scrolls of identify
Potions
 a - a potion of berserk rage {unknown}
 c - a potion of curing {unknown}
 h - a potion of might

Dungeon Overview and Level Annotations

Branches:
Dungeon (3/15)

Altars:

Shops:
D:1 !

Annotations:
D:2 1 runed translucent door, Crazy Yiuf
D:3 Jessica


Message History

The gnoll is severely wounded.
You shoot an arrow.
The arrow hits the gnoll but does no damage.
The gnoll is severely wounded.
A hobgoblin comes into view.
You shoot an arrow. The arrow hits the gnoll.
The gnoll is severely wounded.
You shoot an arrow. The arrow barely misses the gnoll.
The arrow barely misses the hobgoblin.
You shoot an arrow. The arrow hits the gnoll.
You kill the gnoll!
The gnoll hits you but does no damage.
You shoot an arrow. The arrow hits the gnoll.
The gnoll is lightly wounded.
The gnoll hits you with a +0 club. The gnoll hits you with a +0 flail.
You shoot an arrow. The arrow hits the gnoll.
The gnoll is heavily wounded.
The gnoll barely misses you. The gnoll hits you with a +0 club.
You shoot an arrow. The arrow hits the gnoll.
The gnoll is heavily wounded.
The gnoll hits you with a +0 club! The gnoll hits you with a +0 flail!
The gnoll hits you with a +0 club. The gnoll hits you with a +0 flail.
You shoot an arrow. The arrow hits the gnoll.
The gnoll is heavily wounded.
The gnoll hits you with a +0 club. The gnoll barely misses you.
You shoot an arrow.
The arrow hits the gnoll but does no damage.
The gnoll is heavily wounded.
The gnoll hits you with a +0 club. The gnoll closely misses you.
You furiously retaliate!
You headbutt the gnoll!
You kill the gnoll!
You shoot an arrow. The arrow hits the gnoll.
The gnoll is lightly wounded.
The gnoll barely misses you.
You shoot an arrow. The arrow hits the gnoll!
The gnoll is heavily wounded.
The hobgoblin closely misses you. The gnoll closely misses you.
You shoot an arrow. The arrow closely misses the gnoll.
The hobgoblin closely misses you. The gnoll hits you with a +0 club!
You die...

#.# #.#
#.# #.#
#.#######.
#.........
#..#######
#..# #@.#
#gg# #..#
#..# #!.#
#..# #..#
#..#


You could see a gnoll and a hobgoblin.

Vanquished Creatures
  2 gnolls (D:3)
  3 adders
  A worm (D:3)
  A dart slug (D:2)
  8 ball pythons
  3 bats
  3 endoplasms
  5 giant cockroaches
  4 goblins
  5 hobgoblins
  4 kobolds
  A quokka (D:2)
  3 frilled lizards
  6 rats (D:2)
49 creatures vanquished.

Notes
Turn   | Place    | Note
-------+----------+-------------------------------------------
     0 | D:1      | qw the Minotaur Hunter began the quest for the Orb.
     0 | D:1      | Reached XP level 1. HP: 18/18 MP: 0/0
     0 | D:1      | 0 ||| qw: Version: 0.2-a-122-gbc61b45
     0 | D:1      | 0 ||| qw: Game counter: 3347
     0 | D:1      | 0 ||| qw: Always use a shield: true
     0 | D:1      | 0 ||| qw: God list: Okawaru
     0 | D:1      | 0 ||| qw: Allow faded altars: false
     0 | D:1      | 0 ||| qw: Do Orc after D:15 true
     0 | D:1      | 0 ||| qw: Do second Lair branch before Depths: true
     0 | D:1      | 0 ||| qw: Lair rune preference: random
     0 | D:1      | 0 ||| qw: Plans: Normal
     0 | D:1      | 0 ||| PLANNING D:1-11
   196 | D:1      | Reached XP level 2. HP: 25/25 MP: 1/1
   262 | D:1      | Reached skill level 5 in Ranged Weapons
   399 | D:1      | Found Reifauh's Distillery.
   406 | D:1      | 406 ||| SHOPLISTING potion of curing (42 gold, have 17).
   406 | D:1      | 406 ||| SHOPLISTING potion of haste (140 gold, have 17).
   406 | D:1      | 406 ||| SHOPLISTING potion of mutation (112 gold, have 17).
   579 | D:1      | 579 ||| UPGRADING to +0 ring mail.
   589 | D:1      | 589 ||| DROPPING +0 leather armour.
   590 | D:1      | 590 ||| READING scroll labelled FOPPAEJURI.
   591 | D:1      | 591 ||| READING 2 scrolls labelled XUTOEH DEBYAXT.
   592 | D:1      | 592 ||| READING scroll labelled RYMOGI IGHAL.
   593 | D:1      | 593 ||| READING scroll labelled DALIUN HE DUMP.
   597 | D:1      | 597 ||| DROPPING scroll of butterflies.
   697 | D:2      | Reached skill level 1 in Armour
   703 | D:2      | Reached skill level 3 in Fighting
   780 | D:2      | Reached XP level 3. HP: 31/31 MP: 2/2
   849 | D:2      | Found a runed translucent door.
   850 | D:2      | Noticed Crazy Yiuf
  1149 | D:2      | Found a faded altar of an unknown god.
  1503 | D:2      | 1503 ||| READING scroll labelled JASAPLEESA.
  1504 | D:2      | 1504 ||| READING scroll labelled DOUNNIUQOO.
  1505 | D:2      | 1505 ||| READING 3 scrolls of identify.
  1505 | D:2      | 1505 ||| IDENTIFYING metallic grey potion
  1728 | D:3      | Reached XP level 4. HP: 38/38 MP: 3/3
  1865 | D:3      | Noticed Jessica
  1868 | D:3      | Reached skill level 6 in Ranged Weapons
  1918 | D:3      | HP: 9/38 [gnoll/+0 flail (1)]
  1923 | D:3      | Slain by a gnoll

Levels and vault maps discovered:
D:1:      sevenhm_arrival_forest_fort_small_3, layout_loops_cross, serial_shops,
          shop
D:2:      layout_basic, shapermc_ecumenical_altar_petra, patterned_corridor,
          uniq_crazy_yiuf_cottage
D:3:      layout_loops_ring, tgw_trog, minivault_25, uniq_jessica

Skill      XL: |  1  2  3  4 |
---------------+-------------+-----
Ranged Weapons | 5 6 |  6.0
Armour         | 1 |  1.0
Fighting       | 3 |  3.5
Dodging        | |  2.1
Stealth        | |  0.7

Action                     |  1- 3 |  4- 6 || total
---------------------------+-------+-------++-------
   Fire: Shortbow          |   107 |    36 ||   143
    Use: Scroll            |     7 |       ||     7
 Armour: Ring mail         |    10 |     4 ||    14
         Leather armour    |     2 |       ||     2
  Dodge: Dodged            |    22 |    13 ||    35

Table legend:
 A = Non-vault XP
 B = Vault XP
 C = Vault XP percentage of total XP
 D = Non-vault monster count
 E = Vault monster count
 F = Vault count percentage of total count
                 A         B        C        D         E       F
            +---------+---------+-------+---------+---------+-------
      Total |     144 |       0 |   0.0 |      49 |       0 |   0.0
            +---------+---------+-------+---------+---------+-------
        D:1 |      26 |       0 |   0.0 |      14 |       0 |   0.0
        D:2 |      42 |       0 |   0.0 |      20 |       0 |   0.0
        D:3 |      76 |       0 |   0.0 |      15 |       0 |   0.0
            +---------+---------+-------+---------+---------+-------
